 Dungeon Crawl Stone Soup version 0.28.0 (webtiles) character file.

Game seed: 13178888110681515125

8099 jfcaron the Summoner (level 11, -11/67 HPs)
             Began as a Tengu Summoner on Feb 17, 2022.
             Was an Elder of Sif Muna.
             Killed from afar by a fire dragon (42 damage)
             ... with a blast of flame
             ... on level 9 of the Dungeon.
             The game lasted 00:35:43 (11106 turns).

jfcaron the Summoner (Tengu Summoner)              Turns: 11106, Time: 00:35:44

Health: -11/67     AC:  8    Str:  9    XL:     11   Next: 25%
Magic:  11/19      EV: 32    Int: 19    God:    Sif Muna [****..]
Gold:   109        SH:  0    Dex: 15    Spells: 0/20 levels left

rFire   . . .      SeeInvis +   S - +0 demon trident (elec)
rCold   . . .      Faith    .   (no shield)
rNeg    . . .      Spirit   .   a - +0 robe
rPois   .          Reflect  .   s - +1 hat
rElec   .          Harm     .   (no cloak)
rCorr   .          Rampage  .   A - +0 pair of gloves
Will    .....                   (boots unavailable)
Stlth   +++.......              p - amulet of the acrobat
HPRegen 0.21/turn               B - ring of see invisible
MPRegen 0.16/turn               m - +4 ring of protection

@: acrobatic, flying quickly and evasively, quick
A: beak, talons 3, nimble flight
a: Renounce Religion, Channel Magic, Forget Spell, Divine Exegesis


You were on level 9 of the Dungeon.
You worshipped Sif Muna.
Sif Muna was greatly pleased with you.
You visited 1 branch of the dungeon, and saw 9 of its levels.

You collected 359 gold pieces.
You spent 250 gold pieces at shops.

Inventory:

Hand Weapons
 o - a +3 dagger of speed
 v - a +0 trident
 H - a +1 rapier of speed
 O - a +3 glaive of flaming
 P - a +5 hand crossbow of venom
 Q - a +0 long sword of holy wrath
 S - a +0 demon trident of electrocution (weapon)
Missiles
 c - 178 arrows
 g - 343 stones
 h - 51 sling bullets
 u - 9 boomerangs
 y - 17 poisoned darts
 J - 10 bolts
Armour
 a - a +0 robe (worn)
 s - a +1 hat (worn)
 t - a +0 leather armour
 A - a +0 pair of gloves (worn)
 M - the +2 cloak of Hath {rElec rPois rC- SInv}
   (You found it on level 6 of the Dungeon)

   rC:        It makes you vulnerable to cold.
   rElec:     It insulates you from electricity.
   rPois:     It protects you from poison.
   SInv:      It lets you see invisible.
Magical Staves
 e - a staff of poison
 I - a staff of death
Jewellery
 b - a ring of wizardry
 m - a +4 ring of protection (right hand)
 p - an amulet of the acrobat (around neck)
 B - a ring of see invisible (left hand)
Wands
 K - a wand of acid (6)
 L - a wand of digging (4)
Scrolls
 d - 3 scrolls of vulnerability
 f - 2 scrolls of fear
 j - 2 scrolls of amnesia
 C - 3 scrolls of blinking
 D - a scroll of holy word
 E - 2 scrolls of teleportation
 F - a scroll of magic mapping {unknown}
Potions
 i - 3 potions of cancellation
 k - 6 potions of curing
 l - 5 potions of heal wounds
 n - 2 potions of lignification {unknown}
 r - 3 potions of brilliance
 w - 2 potions of flight {unknown}
 x - 3 potions of might
 z - 2 potions of mutation {unknown}
 G - a potion of haste {unknown}
 N - 2 potions of invisibility
 R - a potion of attraction {unknown}
Miscellaneous
 q - a lightning rod (4/4)


   Skills:
 - Level 7.0 Fighting
 - Level 5.0 Polearms
 - Level 5.0 Dodging
 - Level 7.0 Stealth
 - Level 5.0 Spellcasting
 + Level 12.8 Summonings
 - Level 4.0 Air Magic
 - Level 5.0 Invocations


You couldn't memorise any spells.
You knew the following spells:

 Your Spells              Type           Power      Damage    Failure   Level
a - Summon Small Mammal   Summ           100%       N/A       1%          1
b - Call Imp              Summ           52%        N/A       1%          2
c - Call Canine Familiar  Summ           52%        N/A       1%          3
d - Summon Guardian Gole  Hex/Summ       29%        N/A       2%          3
e - Summon Lightning Spi  Summ/Air       36%        N/A       4%          4
f - Summon Hydra          Summ           26%        N/A       50%         7

Your spell library contained the following spells:

 Spells                   Type           Power      Damage    Failure   Level
 Animate Skeleton         Necr           8%         N/A       12%         1
 Apportation              Tloc           8%         N/A       12%         1
 Sublimation of Blood     Necr           4%         N/A       19%         2
 Wereblood                Tmut           4%         N/A       19%         2
 Mephitic Cloud           Conj/Pois/Air  9%         N/A       22%         3
 Ignite Poison            Fire/Tmut/Pois 4%         N/A       36%         3
 Freezing Cloud           Conj/Ice/Air   4%         6-21      90%         5
 Orb of Destruction       Conj           2%         9d5       100%        7
 Spellforged Servitor     Conj/Summ      14%        N/A       100%        7


Dungeon Overview and Level Annotations

Branches:
Dungeon (9/15)             Temple (0/1) D:7             Orc (0/2) D:9
   Lair: D:8-11

Altars:
Ashenzari
Cheibriados
Makhleb
Sif Muna
Uskayaw
Vehumet
Wu Jian
The Shining One

Shops:
D:3 !   D:8 [

Annotations:
D:5 3 runed translucent doors, Dvallin's ghost, amateur FoDe; Dvallin's ghost, weakling FoDe; PerfectTommy's ghost, amateur GnWn; bmoney's ghost, amateur DjCj
D:6 1 runed translucent door, dropkickpikachu's ghost, novice MiBe
D:7 Joseph


Innate Abilities, Weirdness & Mutations

You have a beak for a mouth.
You have claws for feet.
Your magical nature lets you fly swiftly and evasively.


Message History

You start resting.
HP restored.
Casting: Summon Guardian Golem (dangerous; 2% risk of failure)
Confirm with . or Enter, or press ? or * to list all spells.
An electric hum fills the air.
Casting: Summon Lightning Spire (dangerous; 4% risk of failure)
Confirm with . or Enter, or press ? or * to list all spells.
A guardian golem appears, shielding your allies.
You reach down and open the door.
A fire dragon, a killer bee, a howler monkey zombie and a two-headed ogre come into view.
The killer bee buzzes angrily.
The fire dragon roars deafeningly!
The killer bee closely misses you.
Found 23 gold pieces.
You swap places.
The killer bee barely misses your wolf.
Things that are here:
a +0 giant club; a +0 giant club Unknown command.
Casting: Summon Guardian Golem (dangerous; 2% risk of failure)
Confirm with . or Enter, or press ? or * to list all spells.
A beastly little devil appears in a puff of flame.
Unknown command.
You could not reach far enough!
The fire dragon breathes flames at you.
The blast of flame hits your guardian golem!!
Your guardian golem resists.
The blast of flame hits you!!!
Ouch! That really hurt!
Your lightning spire shoots out a bolt of lightning at the fire dragon!
The bolt of electricity hits your guardian golem.
Your guardian golem resists.
The bolt of electricity hits the fire dragon.
Unknown command.
Search for what [? for help]? rF+ Unknown command.
The fire dragon breathes flames at you.
The blast of flame hits your guardian golem!
Your guardian golem resists.
The blast of flame hits your wolf!! The blast of flame hits you!!!
Ouch! That really hurt!
You die...

#......#######...................
###.####...............###.......
#.# #.####.....####.#...#.....
###÷# #.# ##...##..#...###.....
##..####.# ##.##...#..####.....
.).......## #.#...##.## #......
..........## +#.#'.##..# ##......
...........###...###...###...####
.............588@..........###
...........###9h†###.......#
..........##ZD#.#'.##..#####
.........##.Oy#.#...##.####
.........#...##.##...#....#
.........#$.##...##..#.##.## ##
###.##...####.....####.##..# #>
#.##.................###.# #.
#......#####..######## #.## #.


You could see a fire dragon (catching breath, ally target), a two-headed ogre, a
howler monkey zombie, a friendly guardian golem (summoned), a friendly wolf
(summoned, sheltered), a friendly lightning spire (summoned, sheltered) and a
friendly crimson imp (summoned, sheltered).

Vanquished Creatures
  A boulder beetle (D:8)
  3 two-headed ogres
  The ghost of psuckher the Sneak, an amateur TrDe of Elyvilon (D:4)
  A troll (D:6)
  A shadow (D:9)
  A wyvern (D:9)
  11 yaks (D:9)
  3 steam dragons
  4 water moccasins
  An orc warrior (D:6)
  A hornet zombie (D:6)
  3 black bears
  3 ogres
  The ghost of Bediveer the Poker, an amateur MfMo (D:3)
  An ice beast (D:7)
  2 centaurs
  A necrophage (D:5)
  2 bullfrogs (D:8)
  A scorpion (D:5)
  A wyvern skeleton (D:4)
  A water moccasin skeleton (D:4)
  11 killer bees
  2 crimson imps
  A centaur zombie (D:4)
  3 bullfrog zombies
  2 centaur skeletons
  4 hounds
  2 bullfrog skeletons (D:4)
  A gnoll shaman (D:8)
  An orc priest (D:5)
  3 iguanas (D:5)
  3 orc wizards
  A killer bee zombie (D:8)
  A hound zombie (D:5)
  A howler monkey zombie (D:9)
  8 adders
  3 gnolls (D:8)
  2 howler monkey skeletons (D:6)
  A shadow imp (D:7)
  2 white imps
  An ufetubus (D:6)
  A worm (D:4)
  2 dart slugs
  25 orcs
  5 ball pythons
  8 endoplasms
  5 giant cockroaches
  2 goblins
  4 hobgoblins
  A quokka (D:4)
  6 bats
  3 frilled lizards
  8 kobolds
  8 rats
  20 plants (D:8)
195 creatures vanquished.

Notes
Turn   | Place    | Note
-------+----------+-------------------------------------------
     0 | D:1      | jfcaron the Tengu Summoner began the quest for the Orb.
     0 | D:1      | Reached XP level 1. HP: 10/10 MP: 4/4
    77 | D:1      | Found a faded altar of an unknown god.
   282 | D:1      | Reached skill level 5 in Summonings
   318 | D:1      | Reached XP level 2. HP: 15/15 MP: 4/6
   321 | D:1      | Learned a level 2 spell: Call Imp
  1099 | D:2      | Found a shimmering blue altar of Sif Muna.
  1154 | D:2      | Became a worshipper of Sif Muna the Loreminder
  1237 | D:2      | Reached XP level 3. HP: 10/19 MP: 2/7
  1939 | D:2      | Learned a level 3 spell: Call Canine Familiar
  1991 | D:3      | Reached XP level 4. HP: 24/24 MP: 4/9
  2104 | D:3      | Found a runed translucent door.
  2105 | D:3      | Noticed Bediveer's ghost (amateur MfMo)
  2219 | D:3      | Reached * piety under Sif Muna
  2356 | D:3      | Found Puhuov's Distillery.
  2361 | D:3      | Bought a potion of curing for 30 gold pieces
  2361 | D:3      | Bought 2 potions of degeneration for 20 gold pieces
  2361 | D:3      | Bought a potion of might for 40 gold pieces
  2377 | D:3      | Reached skill level 6 in Summonings
  2377 | D:3      | Gained mutation: Your magical nature lets you fly swiftly
                  | and evasively. [Tengu growth]
  2377 | D:3      | Reached XP level 5. HP: 28/28 MP: 7/10
  2382 | D:3      | Learned a level 3 spell: Summon Guardian Golem
  2981 | D:4      | Noticed an ogre
  2995 | D:4      | Killed an ogre
  2996 | D:4      | Reached XP level 6. HP: 32/32 MP: 6/12
  3274 | D:4      | Found a burning altar of Makhleb.
  3274 | D:4      | Found a radiant altar of Vehumet.
  3441 | D:4      | Learned a level 4 spell: Summon Lightning Spire
  3533 | D:4      | Found a runed translucent gate.
  3533 | D:4      | Found a runed translucent gate.
  3534 | D:4      | Found a runed translucent gate.
  3535 | D:4      | Noticed psuckher's ghost (amateur TrDe)
  3715 | D:4      | Reached skill level 7 in Summonings
  3815 | D:4      | Reached skill level 1 in Air Magic
  4264 | D:5      | Entered Level 5 of the Dungeon
  4264 | D:5      | Noticed a black bear
  4268 | D:5      | Noticed a black bear
  4338 | D:5      | Killed a black bear
  4339 | D:5      | Reached XP level 7. HP: 36/36 MP: 6/14
  4590 | D:5      | Reached skill level 8 in Summonings
  4614 | D:5      | Reached ** piety under Sif Muna
  4743 | D:5      | Found a runed translucent gate.
  4743 | D:5      | Found a runed translucent gate.
  4743 | D:5      | Found a runed translucent gate.
  4749 | D:5      | Noticed Dvallin's ghost (amateur FoDe)
  4749 | D:5      | Noticed bmoney's ghost (amateur DjCj)
  4750 | D:5      | Noticed Dvallin's ghost (weakling FoDe)
  4750 | D:5      | Noticed PerfectTommy's ghost (amateur GnWn)
  4828 | D:5      | Found a snail-covered altar of Cheibriados.
  4924 | D:5      | Reached skill level 5 in Stealth
  5088 | D:5      | Reached XP level 8. HP: 41/41 MP: 8/15
  5095 | D:5      | Reached skill level 9 in Summonings
  5491 | D:6      | Found a runed translucent door.
  5491 | D:6      | Noticed dropkickpikachu's ghost (novice MiBe)
  5543 | D:6      | Found a glowing golden altar of the Shining One.
  5580 | D:6      | Reached skill level 10 in Summonings
  5610 | D:6      | Reached skill level 1 in Fighting
  5877 | D:6      | Found a broken altar of Ashenzari.
  5888 | D:6      | Noticed a troll
  5899 | D:6      | Killed a troll
  5900 | D:6      | Reached XP level 9. HP: 52/52 MP: 6/16
  6083 | D:6      | Found an ornate altar of the Wu Jian Council.
  6494 | D:6      | Identified the +2 cloak of Hath {rElec rPois rC- SInv}
  6629 | D:3      | Killed Bediveer's ghost
  6756 | D:4      | Reached skill level 5 in Fighting
  6756 | D:4      | Killed psuckher's ghost
  6764 | D:4      | Reached *** piety under Sif Muna
  7179 | D:7      | Found a staircase to the Ecumenical Temple.
  7180 | D:7      | Noticed Joseph
  7648 | D:7      | Reached skill level 1 in Invocations
  8139 | D:3      | Bought 2 potions of invisibility for 160 gold pieces
  8332 | D:8      | Noticed a two-headed ogre
  8332 | D:8      | Noticed a boulder beetle
  8340 | D:8      | Killed a two-headed ogre
  8341 | D:8      | Reached XP level 10. HP: 61/61 MP: 1/17
  8520 | D:8      | HP: 12/63 [poisoned by a killer bee]
  8525 | D:8      | HP: 8/63 [poisoned by a killer bee]
  9046 | D:8      | Found Tufiuh's Antique Armour Shop.
  9427 | D:8      | Killed a boulder beetle
  9428 | D:8      | Reached skill level 5 in Spellcasting
  9644 | D:8      | Found a hide-covered altar of Uskayaw.
 10006 | D:9      | Noticed a two-headed ogre
 10018 | D:9      | Killed a two-headed ogre
 10019 | D:9      | Reached skill level 5 in Dodging
 10019 | D:9      | Reached skill level 11 in Summonings
 10286 | D:9      | Reached skill level 5 in Invocations
 10293 | D:9      | Reached skill level 12 in Summonings
 10293 | D:9      | Reached skill level 1 in Polearms
 10573 | D:9      | Found a staircase to the Orcish Mines.
 10654 | D:9      | Reached XP level 11. HP: 53/67 MP: 10/19
 10925 | D:9      | Learned a level 7 spell: Summon Hydra
 10994 | D:9      | Reached **** piety under Sif Muna
 10995 | D:9      | Reached skill level 5 in Polearms
 11025 | D:9      | Noticed a two-headed ogre
 11033 | D:9      | Killed a two-headed ogre
 11102 | D:9      | Noticed a fire dragon
 11102 | D:9      | Noticed a two-headed ogre
 11106 | D:9      | Killed from afar by a fire dragon

Illustrated notes

Levels and vault maps discovered:
D:1:      minmay_arrival_four_loops, layout_loops_ring,
          dreamdust_ecumenical_altar_angels_and_demons
D:2:      layout_rooms, basic_altar, nicolae_figureground_pulse
D:3:      layout_loops_ring, serial_shops, shop, ebering_ghost_reflecting_pool
D:4:      layout_loops_cross, grunt_temple_overflow_lords_of_destruction,
          gammafunk_ghost_necromancy, hangedman_abyss_or_decor_stagger,
          kennysheep_flooded_box, dk_vineyard_2
D:5:      layout_rooms, kennysheep_little_box, gammafunk_ghost_cemetery,
          minmay_checkerbox
D:6:      layout_rooms, old_standard_altar, lemuel_tele_altar,
          nicolae_wu_jian_wuxing_cycle, hellmonk_ghost_happy_afterlife,
          minmay_fire_ice_demons
D:7:      layout_loops_ring, temple_fountains, serial_park_tiny_1, uniq_joseph
D:8:      minmay_weird_star, layout_layer_cave,
          nicolae_uskayaw_murder_on_the_dancefloor, serial_shops,
          nicolae_diamond_shop
D:9:      cheibrodos_barr_body, layout_rooms, st_stairs_4

Skill      XL: |  1  2  3  4  5  6  7  8  9 10 11 |
---------------+----------------------------------+-----
Summonings     | 5 6 7 8 10 12 | 12.8
Spellcasting   | 3 4 5 |  5.0
Stealth        | 3 4 5 7 |  7.0
Air Magic      | 2 3 4 |  4.0
Fighting       | 4 6 7 |  7.0
Invocations    | 2 5 |  5.0
Dodging        | 3 5 |  5.0
Polearms       | 3 5 |  5.0

Action                   |  1- 3 |  4- 6 |  7- 9 | 10-12 || total
-------------------------+-------+-------+-------+-------++-------
Melee: Dagger            |    37 |    39 |    54 |    52 ||   182
       Unarmed           |     2 |       |       |       ||     2
       Kick              |     7 |    10 |    18 |    26 ||    61
       Peck              |     4 |    11 |    11 |    16 ||    42
       Punch             |       |     1 |     1 |     1 ||     3
       Demon trident     |       |       |       |    22 ||    22
Throw: Dart              |       |       |     3 |    15 ||    18
 Cast: Summon Small Mamm |    36 |    15 |    13 |       ||    64
       Call Imp          |     9 |    17 |    20 |     7 ||    53
       Call Canine Famil |     1 |    13 |    20 |    14 ||    48
       Summon Guardian G |       |     2 |    10 |    10 ||    22
       Summon Lightning  |       |       |     9 |    19 ||    28
Evoke: Wand              |       |       |       |     2 ||     2
  Use: Scroll            |       |     3 |     2 |    10 ||    15
       Potion            |       |       |       |     1 ||     1
 Stab: Sleeping          |     5 |     5 |     1 |       ||    11
       Distracted        |     1 |       |       |       ||     1
Armor: Robe              |     6 |     8 |    17 |     8 ||    39
Dodge: Dodged            |    26 |    34 |    36 |    63 ||   159
